[ PARTIDA AOE2 · #469065933 ]
UnrankedMapuche vs Incas
[ ANÁLISIS DE REPETICIÓN · EXTRAÍDO DE LA PARTIDA GRABADA ]
Feudal
10:56
Castillos
14:26
Imperial
27:17
| APM promedio | 77.2 |
| APM pico | 173 |
| eAPM promedio | 47.3 |
| Aldeanos / militares | 160 / 153 |
Foco
⚔️ 36.8% · 🌾 63.2%
Unknown (2550) ×422 · Petard ×150 · Trade Cart ×13 · Spearman ×2 · Trebuchet (Packed) ×1
Feudal
10:56
Castillos
14:30
Imperial
29:21
| APM promedio | 65.0 |
| APM pico | 113 |
| eAPM promedio | 39.4 |
| Aldeanos / militares | 174 / 369 |
Foco
⚔️ 56.8% · 🌾 43.2%
Cavalry Archer ×207 · Scout Cavalry ×133 · Battering Ram ×17 · Trebuchet (Packed) ×7 · Trade Cart ×5 · Petard ×2
Feudal
10:56
Castillos
14:26
Imperial
28:49
| APM promedio | 43.6 |
| APM pico | 150 |
| eAPM promedio | 28.6 |
| Aldeanos / militares | 164 / 276 |
Foco
⚔️ 46.5% · 🌾 53.5%
Unknown (2550) ×375 · Spearman ×171 · Petard ×78 · Battering Ram ×26 · Trade Cart ×15 · Trebuchet (Packed) ×1
Feudal
10:31
Castillos
14:07
Imperial
28:39
| APM promedio | 63.3 |
| APM pico | 109 |
| eAPM promedio | 38.4 |
| Aldeanos / militares | 214 / 611 |
Foco
⚔️ 44.1% · 🌾 55.9%
Spearman ×270 · Camel Scout ×192 · Skirmisher ×142 · Trebuchet (Packed) ×5 · Monk ×1 · Mangonel ×1
Feudal
10:33
Castillos
14:22
Imperial
28:29
| APM promedio | 46.0 |
| APM pico | 135 |
| eAPM promedio | 27.1 |
| Aldeanos / militares | 174 / 324 |
Foco
⚔️ 35.9% · 🌾 64.1%
Camel Scout ×206 · Scout Cavalry ×74 · Hand Cannoneer ×22 · Trade Cart ×18 · Monk ×12 · Trebuchet (Packed) ×7
Feudal
10:50
Castillos
14:22
Imperial
26:52
| APM promedio | 60.4 |
| APM pico | 135 |
| eAPM promedio | 36.8 |
| Aldeanos / militares | 237 / 294 |
Foco
⚔️ 25.1% · 🌾 74.9%
Skirmisher ×163 · Hand Cannoneer ×121 · Bombard Cannon ×9 · Trebuchet (Packed) ×1
Feudal
11:19
Castillos
14:11
Imperial
25:42
| APM promedio | 56.5 |
| APM pico | 122 |
| eAPM promedio | 39.2 |
| Aldeanos / militares | 188 / 434 |
Foco
⚔️ 36.1% · 🌾 63.9%
Battle Elephant ×146 · Skirmisher ×131 · Archer ×112 · Trade Cart ×46 · Bombard Cannon ×22 · Karambit Warrior ×12
Feudal
10:56
Castillos
14:26
Imperial
27:18
| APM promedio | 31.6 |
| APM pico | 74 |
| eAPM promedio | 20.0 |
| Aldeanos / militares | 171 / 390 |
Foco
⚔️ 35.7% · 🌾 64.3%
Skirmisher ×233 · Archer ×100 · Scorpion ×37 · Bombard Cannon ×12 · Shotel Warrior ×8
Mapa de la partida
Recursos iniciales + cada clic de construcción. Líneas = muros · curvas = relieve. ◆ oro · ⬟ piedra · ● bayas · ✦ reliquia · ◌ hueco del cierre
Tu base· Abierta — flanco sin cerrar
Base de 溢彩欧泊· Abierta — flanco sin cerrar
Base de SOYO· Abierta — flanco sin cerrar
Base de lsa· Abierta — flanco sin cerrar
Base de GIGANE· Abierta — flanco sin cerrar
Base de 牛牛之王王牛牛· Abierta — flanco sin cerrar
Base de ytpro· Abierta — flanco sin cerrar
Base de Nqn7m1· Abierta — flanco sin cerrar
Terreno inicial suavizado · ◌ = hueco del cierre detectado · pasá el cursor para detalles
Inputs por minuto
— Ruarua - - 溢彩欧泊
Build order — Ruarua
Primeras 150 de 972 acciones detectadas
| 0:00 | Crear | Villager (Male) |
| 0:01 | Crear | Villager (Male) |
| 0:02 | Construir | House |
| 0:03 | Construir | House |
| 0:07 | Crear | Villager (Male) |
| 0:07 | Crear | Villager (Male) |
| 1:25 | Crear | Villager (Male) |
| 1:50 | Construir | Settlement |
| 2:03 | Crear | Villager (Male) |
| 2:18 | Crear | Villager (Male) |
| 2:48 | Crear | Villager (Male) |
| 2:48 | Crear | Villager (Male) |
| 3:06 | Crear | Villager (Male) |
| 3:06 | Crear | Villager (Male) |
| 3:31 | Crear | Villager (Male) |
| 4:00 | Crear | Villager (Male) |
| 4:10 | Construir | Settlement |
| 4:31 | Crear | Villager (Male) |
| 4:31 | Crear | Villager (Male) |
| 4:56 | Crear | Villager (Male) |
| 5:04 | Crear | Villager (Male) |
| 5:39 | Crear | Villager (Male) |
| 5:39 | Crear | Villager (Male) |
| 6:09 | Crear | Villager (Male) |
| 6:23 | Crear | Villager (Male) |
| 6:23 | Crear | Villager (Male) |
| 6:24 | Crear | Villager (Male) |
| 6:25 | Crear | Villager (Male) |
| 7:06 | Crear | Villager (Male) |
| 7:19 | Construir | House |
| 8:17 | Construir | Farm |
| 8:29 | Construir | Settlement |
| 8:35 | Investigar | Feudal Age |
| 9:51 | Crear | Villager (Male) |
| 9:52 | Crear | Villager (Male) |
| 10:04 | Construir | Farm |
| 10:56 | Edad | Edad Feudal |
| 10:57 | Construir | Blacksmith |
| 10:59 | Construir | Market |
| 11:45 | Investigar | Castle Age |
| 11:51 | Investigar | Double-Bit Axe |
| 12:01 | Investigar | Horse Collar |
| 12:15 | Construir | Farm |
| 12:16 | Construir | Farm |
| 12:34 | Construir | Farm |
| 13:08 | Crear | Villager (Male) |
| 13:09 | Crear | Villager (Male) |
| 14:26 | Edad | Edad de los Castillos |
| 14:27 | Construir | Town Center |
| 14:31 | Construir | Town Center |
| 14:53 | Investigar | Bow Saw |
| 14:54 | Crear | Villager (Male) |
| 15:07 | Construir | Farm |
| 15:23 | Crear | Villager (Male) |
| 15:25 | Construir | Farm |
| 15:41 | Construir | Farm |
| 15:42 | Crear | Villager (Male) |
| 15:50 | Crear | Villager (Male) |
| 15:50 | Crear | Villager (Male) |
| 15:53 | Construir | Farm |
| 15:54 | Crear | Villager (Male) |
| 15:56 | Crear | Villager (Male) |
| 16:00 | Crear | Villager (Male) |
| 16:04 | Construir | Farm |
| 16:06 | Crear | Villager (Male) |
| 16:06 | Crear | Villager (Male) |
| 16:16 | Crear | Villager (Male) |
| 16:19 | Construir | Farm |
| 16:35 | Investigar | Loom |
| 16:37 | Construir | Farm |
| 16:39 | Crear | Villager (Male) |
| 16:41 | Investigar | Loom |
| 16:43 | Construir | Farm |
| 16:44 | Construir | Farm |
| 16:47 | Crear | Villager (Male) |
| 16:49 | Construir | Farm |
| 16:50 | Construir | House |
| 16:59 | Crear | Spearman |
| 17:05 | Construir | Farm |
| 17:06 | Construir | Farm |
| 17:11 | Construir | Farm |
| 17:12 | Crear | Villager (Male) |
| 17:12 | Crear | Villager (Male) |
| 17:19 | Construir | Farm |
| 17:28 | Crear | Villager (Male) |
| 17:28 | Crear | Villager (Male) |
| 17:32 | Construir | House |
| 17:36 | Crear | Villager (Male) |
| 17:41 | Construir | Farm |
| 17:42 | Construir | Farm |
| 17:43 | Crear | Villager (Male) |
| 17:47 | Construir | Farm |
| 17:53 | Crear | Villager (Male) |
| 17:57 | Construir | Farm |
| 18:00 | Construir | Farm |
| 18:01 | Crear | Villager (Male) |
| 18:01 | Crear | Villager (Male) |
| 18:08 | Crear | Villager (Male) |
| 18:15 | Construir | Farm |
| 18:16 | Crear | Villager (Male) |
| 18:17 | Crear | Villager (Male) |
| 18:24 | Crear | Villager (Male) |
| 18:34 | Crear | Villager (Male) |
| 18:34 | Crear | Villager (Male) |
| 18:38 | Crear | Villager (Male) |
| 18:42 | Construir | Town Center |
| 18:48 | Crear | Villager (Male) |
| 18:53 | Construir | House |
| 18:54 | Construir | House |
| 18:54 | Crear | Villager (Male) |
| 18:55 | Crear | Villager (Male) |
| 19:01 | Crear | Villager (Male) |
| 19:01 | Crear | Villager (Male) |
| 19:12 | Investigar | Wheelbarrow |
| 19:20 | Crear | Villager (Male) |
| 19:20 | Crear | Villager (Male) |
| 19:27 | Construir | Farm |
| 19:27 | Construir | Farm |
| 19:28 | Construir | Farm |
| 19:28 | Construir | Farm |
| 19:29 | Crear | Villager (Male) |
| 19:29 | Crear | Villager (Male) |
| 19:43 | Construir | Farm |
| 19:43 | Crear | Villager (Male) |
| 19:43 | Crear | Villager (Male) |
| 19:48 | Crear | Villager (Male) |
| 19:51 | Construir | House |
| 19:56 | Crear | Spearman |
| 20:00 | Investigar | Heavy Plow |
| 20:09 | Crear | Villager (Male) |
| 20:09 | Crear | Villager (Male) |
| 20:10 | Crear | Villager (Male) |
| 20:17 | Crear | Villager (Male) |
| 20:21 | Construir | Farm |
| 20:22 | Construir | Farm |
| 20:26 | Construir | Farm |
| 20:31 | Crear | Villager (Male) |
| 20:31 | Crear | Villager (Male) |
| 20:31 | Crear | Villager (Male) |
| 20:33 | Construir | House |
| 20:35 | Crear | Villager (Male) |
| 20:38 | Construir | Farm |
| 20:41 | Construir | Farm |
| 20:43 | Construir | Farm |
| 20:45 | Construir | Farm |
| 20:46 | Crear | Villager (Male) |
| 20:48 | Construir | Farm |
| 20:53 | Crear | Villager (Male) |
| 20:53 | Crear | Villager (Male) |
| 20:57 | Crear | Villager (Male) |
Build order — 溢彩欧泊
Primeras 150 de 450 acciones detectadas
| 0:01 | Crear | Villager (Male) ×4 |
| 0:01 | Crear | Villager (Male) ×4 |
| 1:19 | Crear | Villager (Male) |
| 1:44 | Construir | Lumber Camp |
| 1:52 | Crear | Villager (Male) |
| 1:52 | Crear | Villager (Male) |
| 2:06 | Crear | Villager (Male) |
| 2:06 | Crear | Villager (Male) |
| 2:40 | Crear | Villager (Male) |
| 2:40 | Crear | Villager (Male) |
| 2:53 | Crear | Villager (Male) |
| 2:53 | Crear | Villager (Male) |
| 3:27 | Crear | Villager (Male) |
| 3:27 | Crear | Villager (Male) |
| 3:27 | Crear | Villager (Male) |
| 3:40 | Crear | Villager (Male) |
| 3:40 | Crear | Villager (Male) |
| 3:40 | Crear | Villager (Male) |
| 4:18 | Construir | Mill |
| 4:27 | Crear | Villager (Male) |
| 4:27 | Crear | Villager (Male) |
| 4:48 | Crear | Villager (Male) |
| 4:48 | Crear | Villager (Male) |
| 4:49 | Crear | Villager (Male) |
| 5:18 | Crear | Villager (Male) |
| 5:19 | Crear | Villager (Male) |
| 5:52 | Crear | Villager (Male) |
| 6:03 | Crear | Villager (Male) |
| 6:35 | Construir | Mill |
| 6:51 | Crear | Villager (Male) |
| 7:13 | Crear | Villager (Male) |
| 7:24 | Crear | Villager (Male) |
| 7:33 | Crear | Villager (Male) |
| 8:01 | Construir | Mining Camp |
| 8:10 | Crear | Villager (Male) |
| 8:38 | Investigar | Feudal Age |
| 8:38 | Investigar | Feudal Age |
| 8:52 | Construir | Farm |
| 9:20 | Crear | Villager (Male) |
| 9:28 | Construir | Farm |
| 9:44 | Crear | Villager (Male) |
| 10:56 | Edad | Edad Feudal |
| 10:59 | Construir | Market |
| 11:01 | Construir | Blacksmith |
| 11:50 | Investigar | Castle Age |
| 11:50 | Investigar | Castle Age |
| 12:08 | Investigar | Double-Bit Axe |
| 12:08 | Investigar | Double-Bit Axe |
| 12:33 | Crear | Villager (Male) |
| 12:36 | Investigar | Horse Collar |
| 12:36 | Investigar | Horse Collar |
| 12:37 | Construir | Farm |
| 12:38 | Construir | Farm |
| 12:57 | Construir | Farm |
| 13:24 | Crear | Villager (Male) |
| 14:10 | Construir | Farm |
| 14:11 | Construir | Farm |
| 14:30 | Edad | Edad de los Castillos |
| 14:31 | Construir | Town Center |
| 14:35 | Crear | Villager (Male) |
| 14:46 | Construir | Farm |
| 14:47 | Investigar | Bow Saw |
| 14:47 | Investigar | Bow Saw |
| 15:27 | Construir | Town Center |
| 15:38 | Crear | Villager (Male) |
| 15:46 | Crear | Villager (Male) |
| 15:49 | Construir | Farm |
| 15:51 | Crear | Villager (Male) |
| 15:53 | Crear | Villager (Male) |
| 16:09 | Crear | Villager (Male) |
| 16:28 | Crear | Villager (Male) |
| 16:31 | Construir | Farm |
| 16:33 | Construir | Farm |
| 16:34 | Crear | Villager (Male) |
| 16:45 | Crear | Villager (Male) |
| 16:52 | Crear | Villager (Male) |
| 17:04 | Construir | Farm |
| 17:04 | Construir | Farm |
| 17:12 | Crear | Villager (Male) |
| 17:19 | Construir | Farm |
| 17:20 | Construir | Farm |
| 17:34 | Crear | Villager (Male) |
| 17:35 | Construir | Farm |
| 17:36 | Crear | Villager (Male) |
| 17:40 | Construir | Farm |
| 17:47 | Crear | Villager (Male) |
| 17:52 | Construir | Farm |
| 17:53 | Crear | Villager (Male) |
| 18:01 | Construir | Farm |
| 18:04 | Crear | Villager (Male) |
| 18:27 | Crear | Villager (Male) |
| 18:27 | Crear | Villager (Male) |
| 18:30 | Construir | Farm |
| 18:32 | Crear | Villager (Male) |
| 18:32 | Crear | Villager (Male) |
| 18:32 | Crear | Villager (Male) |
| 18:37 | Construir | Outpost |
| 18:39 | Investigar | Loom |
| 18:39 | Investigar | Loom |
| 18:41 | Crear | Villager (Male) |
| 18:46 | Construir | Barracks |
| 18:54 | Construir | Farm |
| 18:55 | Construir | Farm |
| 18:56 | Construir | Farm |
| 18:58 | Construir | Farm |
| 19:00 | Crear | Villager (Male) |
| 19:01 | Crear | Villager (Male) |
| 19:11 | Crear | Villager (Male) |
| 19:14 | Construir | Farm |
| 19:24 | Construir | Outpost |
| 19:27 | Crear | Villager (Male) |
| 19:29 | Crear | Villager (Male) |
| 19:33 | Construir | Farm |
| 19:35 | Crear | Villager (Male) |
| 19:42 | Crear | Villager (Male) |
| 19:54 | Construir | Outpost |
| 19:56 | Crear | Villager (Male) |
| 19:57 | Crear | Villager (Male) |
| 20:05 | Construir | Farm |
| 20:07 | Crear | Villager (Male) |
| 20:21 | Construir | Archery Range |
| 20:26 | Construir | Archery Range |
| 20:29 | Investigar | Fletching |
| 20:29 | Investigar | Fletching |
| 20:32 | Crear | Villager (Male) |
| 20:34 | Crear | Villager (Male) |
| 20:36 | Crear | Villager (Male) |
| 20:46 | Investigar | Wheelbarrow |
| 20:46 | Investigar | Wheelbarrow |
| 20:46 | Investigar | Wheelbarrow |
| 20:50 | Construir | Farm |
| 20:53 | Construir | Farm |
| 20:54 | Construir | Farm |
| 20:59 | Construir | Archery Range |
| 21:02 | Crear | Villager (Male) |
| 21:07 | Crear | Villager (Male) |
| 21:09 | Crear | Cavalry Archer |
| 21:10 | Crear | Cavalry Archer |
| 21:13 | Crear | Villager (Male) |
| 21:21 | Crear | Villager (Male) |
| 21:25 | Crear | Villager (Male) |
| 21:36 | Crear | Villager (Male) |
| 21:38 | Crear | Cavalry Archer |
| 21:38 | Crear | Cavalry Archer |
| 21:42 | Crear | Villager (Male) |
| 21:48 | Crear | Villager (Male) |
| 21:49 | Crear | Cavalry Archer |
| 21:56 | Crear | Villager (Male) |
| 21:59 | Construir | Stable |
| 22:02 | Crear | Cavalry Archer |
Build order — SOYO
Primeras 150 de 563 acciones detectadas
| 0:01 | Crear | Villager (Male) |
| 0:01 | Crear | Villager (Male) |
| 0:01 | Crear | Villager (Male) |
| 0:03 | Construir | House |
| 0:04 | Construir | House |
| 0:08 | Crear | Villager (Male) |
| 1:23 | Crear | Villager (Male) |
| 1:44 | Construir | Settlement |
| 1:52 | Crear | Villager (Male) |
| 2:13 | Crear | Villager (Male) |
| 2:46 | Crear | Villager (Male) |
| 3:13 | Crear | Villager (Male) |
| 3:24 | Crear | Villager (Male) |
| 3:44 | Crear | Villager (Male) |
| 4:24 | Crear | Villager (Male) |
| 4:40 | Construir | Settlement |
| 4:41 | Crear | Villager (Male) |
| 5:16 | Crear | Villager (Male) |
| 5:34 | Crear | Villager (Male) |
| 5:53 | Crear | Villager (Male) |
| 6:23 | Crear | Villager (Male) |
| 6:55 | Crear | Villager (Male) |
| 7:23 | Crear | Villager (Male) |
| 7:56 | Crear | Villager (Male) |
| 8:13 | Crear | Villager (Male) |
| 8:27 | Investigar | Feudal Age |
| 9:32 | Construir | Farm |
| 10:20 | Construir | Farm |
| 10:33 | Construir | Farm |
| 10:51 | Crear | Villager (Male) |
| 10:52 | Crear | Villager (Male) |
| 10:56 | Edad | Edad Feudal |
| 10:58 | Construir | Market |
| 11:00 | Construir | Blacksmith |
| 11:03 | Investigar | Double-Bit Axe |
| 11:17 | Construir | House |
| 11:46 | Investigar | Castle Age |
| 12:13 | Investigar | Horse Collar |
| 12:17 | Construir | Farm |
| 12:19 | Construir | Farm |
| 13:24 | Construir | Farm |
| 14:17 | Crear | Villager (Male) |
| 14:26 | Edad | Edad de los Castillos |
| 14:28 | Construir | Town Center |
| 14:32 | Construir | Town Center |
| 14:41 | Investigar | Bow Saw |
| 14:42 | Investigar | Wheelbarrow |
| 15:00 | Construir | Outpost |
| 15:03 | Construir | Farm |
| 15:22 | Construir | Outpost |
| 15:30 | Construir | Outpost |
| 15:32 | Crear | Villager (Male) |
| 15:39 | Construir | House |
| 15:42 | Construir | House |
| 15:43 | Crear | Villager (Male) |
| 15:46 | Crear | Villager (Male) |
| 15:54 | Construir | Farm |
| 15:55 | Crear | Villager (Male) |
| 15:56 | Crear | Villager (Male) |
| 15:56 | Crear | Villager (Male) |
| 15:58 | Crear | Villager (Male) |
| 16:18 | Crear | Villager (Male) |
| 16:22 | Construir | Farm |
| 16:25 | Construir | Farm |
| 16:26 | Construir | Farm |
| 16:31 | Construir | Farm |
| 16:35 | Construir | House |
| 16:36 | Crear | Villager (Male) |
| 16:38 | Construir | Farm |
| 16:44 | Crear | Villager (Male) |
| 16:49 | Construir | Farm |
| 17:02 | Construir | Farm |
| 17:02 | Crear | Villager (Male) |
| 17:03 | Crear | Villager (Male) |
| 17:10 | Construir | Farm |
| 17:16 | Construir | Farm |
| 17:28 | Crear | Villager (Male) |
| 17:28 | Crear | Villager (Male) |
| 17:29 | Crear | Villager (Male) |
| 17:31 | Construir | House |
| 17:42 | Crear | Villager (Male) |
| 17:44 | Crear | Villager (Male) |
| 17:51 | Construir | Town Center |
| 18:03 | Crear | Villager (Male) |
| 18:04 | Crear | Villager (Male) |
| 18:05 | Crear | Villager (Male) |
| 18:07 | Construir | House |
| 18:11 | Construir | Farm |
| 18:18 | Construir | Farm |
| 18:22 | Crear | Villager (Male) |
| 18:22 | Crear | Villager (Male) |
| 18:32 | Crear | Villager (Male) |
| 18:34 | Crear | Villager (Male) |
| 18:34 | Crear | Villager (Male) |
| 18:36 | Construir | Farm |
| 18:37 | Crear | Villager (Male) |
| 18:39 | Construir | House |
| 18:42 | Construir | Farm |
| 19:04 | Crear | Villager (Male) |
| 19:04 | Crear | Villager (Male) |
| 19:05 | Crear | Villager (Male) |
| 19:07 | Construir | Farm |
| 19:16 | Crear | Villager (Male) |
| 19:16 | Crear | Villager (Male) |
| 19:24 | Construir | House |
| 19:25 | Construir | House |
| 19:28 | Construir | Farm |
| 19:31 | Construir | Farm |
| 19:32 | Construir | Farm |
| 19:34 | Crear | Villager (Male) |
| 19:34 | Crear | Villager (Male) |
| 19:35 | Crear | Villager (Male) |
| 19:38 | Construir | Farm |
| 19:39 | Crear | Villager (Male) |
| 19:39 | Crear | Villager (Male) |
| 19:56 | Construir | Outpost |
| 20:00 | Construir | Farm |
| 20:04 | Crear | Villager (Male) |
| 20:05 | Crear | Villager (Male) |
| 20:05 | Crear | Villager (Male) |
| 20:05 | Crear | Villager (Male) |
| 20:05 | Crear | Villager (Male) |
| 20:09 | Crear | Villager (Male) |
| 20:25 | Construir | House |
| 20:29 | Construir | House |
| 20:33 | Construir | Farm |
| 20:34 | Crear | Villager (Male) |
| 20:35 | Crear | Villager (Male) |
| 20:35 | Crear | Villager (Male) |
| 20:36 | Crear | Villager (Male) |
| 20:39 | Construir | Town Center |
| 20:40 | Crear | Villager (Male) |
| 20:43 | Crear | Villager (Male) |
| 20:44 | Crear | Villager (Male) |
| 20:50 | Construir | Outpost |
| 21:01 | Crear | Villager (Male) |
| 21:05 | Construir | Farm |
| 21:10 | Construir | House |
| 21:12 | Construir | House |
| 21:12 | Crear | Villager (Male) |
| 21:16 | Crear | Villager (Male) |
| 21:21 | Crear | Villager (Male) |
| 21:27 | Construir | Farm |
| 21:38 | Investigar | Hand Cart |
| 21:38 | Investigar | Hand Cart |
| 21:45 | Construir | Farm |
| 21:49 | Crear | Villager (Male) |
| 21:56 | Construir | Outpost |
| 21:57 | Crear | Villager (Male) |
| 21:57 | Crear | Villager (Male) |
Build order — lsa
Primeras 150 de 922 acciones detectadas
| 0:00 | Crear | Villager (Male) |
| 0:00 | Crear | Villager (Male) |
| 0:01 | Crear | Villager (Male) |
| 0:02 | Construir | House |
| 0:03 | Construir | House |
| 0:18 | Crear | Villager (Male) |
| 1:26 | Crear | Villager (Male) |
| 1:26 | Crear | Villager (Male) |
| 1:42 | Crear | Villager (Male) |
| 1:43 | Crear | Villager (Male) |
| 1:46 | Construir | Lumber Camp |
| 2:15 | Crear | Villager (Male) |
| 2:15 | Crear | Villager (Male) |
| 2:38 | Crear | Villager (Male) |
| 2:39 | Crear | Villager (Male) |
| 3:03 | Crear | Villager (Male) |
| 3:34 | Crear | Villager (Male) |
| 3:34 | Crear | Villager (Male) |
| 3:52 | Construir | House |
| 4:06 | Crear | Villager (Male) |
| 4:23 | Construir | Mill |
| 4:29 | Construir | Mill |
| 4:36 | Crear | Villager (Male) |
| 4:36 | Crear | Villager (Male) |
| 4:36 | Crear | Villager (Male) |
| 4:57 | Crear | Villager (Male) |
| 5:18 | Crear | Villager (Male) |
| 5:18 | Crear | Villager (Male) |
| 5:30 | Crear | Villager (Male) |
| 5:30 | Crear | Villager (Male) |
| 5:36 | Crear | Villager (Male) |
| 5:36 | Crear | Villager (Male) |
| 5:56 | Construir | House |
| 6:00 | Construir | Mill |
| 6:29 | Crear | Villager (Male) |
| 6:57 | Construir | Farm |
| 7:19 | Crear | Villager (Male) |
| 7:42 | Construir | Farm |
| 7:54 | Crear | Villager (Male) |
| 8:21 | Investigar | Feudal Age |
| 8:22 | Investigar | Feudal Age |
| 9:51 | Construir | House |
| 10:07 | Crear | Villager (Male) |
| 10:07 | Crear | Villager (Male) |
| 10:31 | Edad | Edad Feudal |
| 10:34 | Construir | Blacksmith |
| 10:36 | Construir | Market |
| 11:27 | Investigar | Castle Age |
| 11:59 | Construir | Lumber Camp |
| 12:20 | Investigar | Double-Bit Axe |
| 12:20 | Investigar | Double-Bit Axe |
| 12:21 | Investigar | Horse Collar |
| 12:22 | Investigar | Horse Collar |
| 12:34 | Construir | Farm |
| 14:07 | Edad | Edad de los Castillos |
| 14:14 | Construir | Town Center |
| 14:15 | Crear | Villager (Male) |
| 14:23 | Construir | Town Center |
| 14:33 | Crear | Villager (Male) |
| 14:44 | Investigar | Bow Saw |
| 14:44 | Crear | Villager (Male) |
| 14:48 | Investigar | Wheelbarrow |
| 14:48 | Investigar | Wheelbarrow |
| 14:57 | Construir | Farm |
| 14:58 | Construir | Farm |
| 15:17 | Crear | Villager (Male) |
| 15:41 | Crear | Villager (Male) |
| 15:41 | Crear | Villager (Male) |
| 15:47 | Construir | Farm |
| 15:48 | Construir | Farm |
| 15:50 | Construir | Farm |
| 15:52 | Crear | Villager (Male) |
| 15:52 | Crear | Villager (Male) |
| 16:01 | Construir | Farm |
| 16:09 | Crear | Villager (Male) |
| 16:15 | Construir | Farm |
| 16:19 | Construir | Farm |
| 16:31 | Construir | Farm |
| 16:35 | Crear | Villager (Male) |
| 16:35 | Crear | Villager (Male) |
| 16:36 | Crear | Villager (Male) |
| 16:37 | Crear | Villager (Male) |
| 16:41 | Construir | Farm |
| 16:50 | Crear | Villager (Male) |
| 16:53 | Construir | Farm |
| 16:59 | Construir | House |
| 17:11 | Construir | Farm |
| 17:11 | Construir | Farm |
| 17:12 | Crear | Villager (Male) |
| 17:12 | Crear | Villager (Male) |
| 17:13 | Crear | Villager (Male) |
| 17:13 | Crear | Villager (Male) |
| 17:25 | Construir | Farm |
| 17:27 | Crear | Villager (Male) |
| 17:27 | Crear | Villager (Male) |
| 17:37 | Construir | Farm |
| 17:38 | Construir | Farm |
| 17:43 | Crear | Villager (Male) |
| 17:46 | Crear | Villager (Male) |
| 17:46 | Crear | Villager (Male) |
| 17:47 | Construir | House |
| 17:59 | Crear | Villager (Male) |
| 18:04 | Construir | Farm |
| 18:05 | Crear | Villager (Male) |
| 18:05 | Crear | Villager (Male) |
| 18:09 | Construir | Farm |
| 18:17 | Construir | Farm |
| 18:19 | Construir | House |
| 18:19 | Crear | Villager (Male) |
| 18:30 | Crear | Villager (Male) |
| 18:30 | Crear | Villager (Male) |
| 18:32 | Crear | Villager (Male) |
| 18:32 | Crear | Villager (Male) |
| 18:36 | Construir | Farm |
| 18:49 | Construir | Town Center |
| 18:50 | Crear | Villager (Male) |
| 18:50 | Crear | Villager (Male) |
| 18:51 | Construir | House |
| 18:57 | Crear | Villager (Male) |
| 18:57 | Crear | Villager (Male) |
| 19:06 | Crear | Villager (Male) |
| 19:06 | Crear | Villager (Male) |
| 19:09 | Construir | Farm |
| 19:09 | Crear | Villager (Male) |
| 19:09 | Crear | Villager (Male) |
| 19:16 | Construir | Farm |
| 19:18 | Crear | Villager (Male) |
| 19:22 | Construir | House |
| 19:22 | Crear | Villager (Male) |
| 19:23 | Crear | Villager (Male) |
| 19:31 | Crear | Villager (Male) |
| 19:31 | Crear | Villager (Male) |
| 19:39 | Crear | Villager (Male) |
| 19:39 | Crear | Villager (Male) |
| 19:41 | Construir | Farm |
| 19:41 | Crear | Villager (Male) |
| 19:47 | Crear | Villager (Male) |
| 19:58 | Crear | Villager (Male) |
| 19:58 | Crear | Villager (Male) |
| 20:00 | Construir | Monastery |
| 20:06 | Crear | Villager (Male) |
| 20:06 | Crear | Villager (Male) |
| 20:11 | Construir | Farm |
| 20:13 | Construir | Farm |
| 20:18 | Crear | Villager (Male) |
| 20:18 | Crear | Villager (Male) |
| 20:26 | Crear | Villager (Male) |
| 20:31 | Construir | Farm |
| 20:33 | Construir | Farm |
| 20:33 | Crear | Villager (Male) |
Build order — GIGANE
Primeras 150 de 606 acciones detectadas
| 0:01 | Crear | Villager (Male) |
| 0:01 | Crear | Villager (Male) |
| 0:02 | Construir | House |
| 0:04 | Construir | House |
| 0:07 | Crear | Villager (Male) |
| 0:07 | Crear | Villager (Male) |
| 1:25 | Crear | Villager (Male) |
| 1:48 | Construir | Lumber Camp |
| 2:02 | Crear | Villager (Male) |
| 2:17 | Crear | Villager (Male) |
| 2:58 | Crear | Villager (Male) |
| 3:06 | Crear | Villager (Male) |
| 3:28 | Crear | Villager (Male) |
| 3:44 | Construir | Mill |
| 3:53 | Construir | House |
| 3:56 | Construir | House |
| 3:56 | Crear | Villager (Male) |
| 3:57 | Crear | Villager (Male) |
| 4:25 | Construir | House |
| 4:26 | Crear | Villager (Male) |
| 4:38 | Construir | House |
| 4:51 | Crear | Villager (Male) |
| 4:58 | Construir | House |
| 5:11 | Crear | Villager (Male) |
| 5:11 | Crear | Villager (Male) |
| 5:14 | Construir | Palisade Wall |
| 5:21 | Crear | Villager (Male) |
| 5:29 | Construir | Palisade Wall |
| 5:33 | Construir | Palisade Wall |
| 5:39 | Construir | Palisade Wall |
| 5:42 | Construir | Palisade Wall |
| 5:47 | Construir | Palisade Wall |
| 5:50 | Construir | Palisade Wall |
| 5:57 | Construir | Palisade Wall |
| 5:58 | Crear | Villager (Male) |
| 6:00 | Construir | Palisade Wall |
| 6:03 | Construir | Palisade Wall |
| 6:07 | Construir | Palisade Wall |
| 6:08 | Crear | Villager (Male) |
| 6:15 | Crear | Villager (Male) |
| 6:39 | Crear | Villager (Male) |
| 7:05 | Crear | Villager (Male) |
| 7:08 | Crear | Villager (Male) |
| 7:15 | Crear | Villager (Male) |
| 7:27 | Construir | Palisade Wall |
| 7:36 | Crear | Villager (Male) |
| 8:01 | Construir | Mining Camp |
| 8:23 | Investigar | Feudal Age |
| 9:55 | Crear | Villager (Male) |
| 10:17 | Crear | Villager (Male) |
| 10:18 | Crear | Villager (Male) |
| 10:33 | Edad | Edad Feudal |
| 10:37 | Construir | Market |
| 10:43 | Construir | Blacksmith |
| 10:49 | Investigar | Double-Bit Axe |
| 10:49 | Investigar | Horse Collar |
| 11:43 | Investigar | Castle Age |
| 11:43 | Investigar | Castle Age |
| 12:05 | Construir | Farm |
| 12:07 | Construir | Farm |
| 12:12 | Construir | Farm |
| 12:14 | Construir | Farm |
| 12:16 | Construir | Farm |
| 12:47 | Construir | Farm |
| 13:00 | Construir | Farm |
| 14:13 | Investigar | Wheelbarrow |
| 14:22 | Edad | Edad de los Castillos |
| 14:24 | Construir | Town Center |
| 14:26 | Construir | Town Center |
| 14:34 | Crear | Villager (Male) |
| 15:10 | Investigar | Bow Saw |
| 15:29 | Crear | Villager (Male) |
| 15:44 | Crear | Villager (Male) |
| 15:51 | Crear | Villager (Male) |
| 15:54 | Construir | Monastery |
| 15:55 | Crear | Villager (Male) |
| 16:00 | Crear | Villager (Male) |
| 16:03 | Crear | Villager (Male) |
| 16:16 | Construir | Farm |
| 16:25 | Crear | Villager (Male) |
| 16:25 | Crear | Villager (Male) |
| 16:25 | Crear | Villager (Male) |
| 16:27 | Construir | Farm |
| 16:28 | Crear | Villager (Male) |
| 16:35 | Crear | Villager (Male) |
| 16:41 | Construir | Farm |
| 16:45 | Construir | Farm |
| 16:53 | Construir | House |
| 17:02 | Construir | Farm |
| 17:06 | Crear | Villager (Male) |
| 17:07 | Crear | Villager (Male) |
| 17:09 | Construir | Farm |
| 17:16 | Crear | Villager (Male) |
| 17:16 | Crear | Villager (Male) |
| 17:22 | Construir | House |
| 17:25 | Crear | Villager (Male) |
| 17:33 | Crear | Monk |
| 17:33 | Crear | Monk |
| 17:38 | Construir | Farm |
| 17:43 | Construir | Farm |
| 17:44 | Crear | Villager (Male) |
| 17:48 | Construir | Farm |
| 17:52 | Construir | Farm |
| 17:53 | Crear | Villager (Male) |
| 17:57 | Construir | Farm |
| 17:58 | Crear | Villager (Male) |
| 18:00 | Construir | Farm |
| 18:10 | Construir | House |
| 18:12 | Crear | Villager (Male) |
| 18:15 | Construir | Farm |
| 18:21 | Crear | Villager (Male) |
| 18:31 | Crear | Villager (Male) |
| 18:36 | Crear | Villager (Male) |
| 18:47 | Construir | House |
| 18:49 | Crear | Villager (Male) |
| 18:49 | Crear | Villager (Male) |
| 18:55 | Crear | Monk |
| 18:55 | Crear | Monk |
| 18:56 | Crear | Villager (Male) |
| 18:56 | Crear | Villager (Male) |
| 19:08 | Construir | Town Center |
| 19:13 | Crear | Villager (Male) |
| 19:15 | Construir | Farm |
| 19:18 | Construir | Farm |
| 19:20 | Crear | Villager (Male) |
| 19:20 | Crear | Villager (Male) |
| 19:30 | Crear | Villager (Male) |
| 19:31 | Crear | Villager (Male) |
| 19:35 | Construir | House |
| 19:36 | Construir | House |
| 19:40 | Crear | Villager (Male) |
| 19:48 | Crear | Villager (Male) |
| 19:49 | Crear | Villager (Male) |
| 19:52 | Construir | Farm |
| 19:53 | Crear | Villager (Male) |
| 19:58 | Construir | Farm |
| 20:10 | Crear | Villager (Male) |
| 20:10 | Crear | Villager (Male) |
| 20:11 | Crear | Villager (Male) |
| 20:11 | Crear | Villager (Male) |
| 20:21 | Construir | Farm |
| 20:22 | Crear | Villager (Male) |
| 20:32 | Crear | Villager (Male) |
| 20:32 | Crear | Villager (Male) |
| 20:35 | Crear | Villager (Male) |
| 20:36 | Construir | House |
| 20:40 | Crear | Villager (Male) |
| 20:42 | Construir | Farm |
| 20:44 | Construir | Farm |
| 20:45 | Crear | Villager (Male) |
Build order — 牛牛之王王牛牛
Primeras 150 de 767 acciones detectadas
| 0:01 | Crear | Villager (Male) |
| 0:01 | Crear | Villager (Male) |
| 0:02 | Construir | House |
| 0:03 | Construir | House |
| 0:42 | Crear | Villager (Male) |
| 0:43 | Crear | Villager (Male) |
| 1:28 | Crear | Villager (Male) |
| 1:49 | Construir | Lumber Camp |
| 2:00 | Crear | Villager (Male) |
| 2:17 | Crear | Villager (Male) |
| 2:17 | Crear | Villager (Male) |
| 2:46 | Crear | Villager (Male) |
| 2:47 | Crear | Villager (Male) |
| 3:07 | Crear | Villager (Male) |
| 3:07 | Crear | Villager (Male) |
| 3:26 | Construir | Mill |
| 3:42 | Crear | Villager (Male) |
| 3:42 | Crear | Villager (Male) |
| 3:48 | Crear | Villager (Male) |
| 4:03 | Construir | House |
| 4:23 | Crear | Villager (Male) |
| 4:59 | Crear | Villager (Male) |
| 5:20 | Crear | Villager (Male) |
| 5:34 | Crear | Villager (Male) |
| 5:56 | Construir | Mill |
| 6:12 | Crear | Villager (Male) |
| 6:13 | Crear | Villager (Male) |
| 6:28 | Construir | House |
| 6:57 | Crear | Villager (Male) |
| 7:18 | Crear | Villager (Male) |
| 7:18 | Crear | Villager (Male) |
| 7:18 | Crear | Villager (Male) |
| 7:29 | Crear | Villager (Male) |
| 7:29 | Crear | Villager (Male) |
| 7:48 | Crear | Villager (Male) |
| 7:48 | Crear | Villager (Male) |
| 8:40 | Investigar | Feudal Age |
| 8:41 | Investigar | Feudal Age |
| 9:57 | Crear | Villager (Male) |
| 9:57 | Crear | Villager (Male) |
| 10:26 | Construir | House |
| 10:50 | Edad | Edad Feudal |
| 10:54 | Construir | Market |
| 10:57 | Construir | Blacksmith |
| 10:59 | Investigar | Double-Bit Axe |
| 11:42 | Investigar | Castle Age |
| 11:54 | Construir | Lumber Camp |
| 12:11 | Crear | Villager (Male) |
| 12:20 | Investigar | Horse Collar |
| 12:22 | Construir | Farm |
| 12:46 | Construir | Farm |
| 12:49 | Construir | Farm |
| 12:53 | Construir | Farm |
| 12:54 | Crear | Villager (Male) |
| 13:01 | Construir | Farm |
| 13:09 | Construir | Farm |
| 13:14 | Construir | House |
| 13:15 | Construir | House |
| 14:22 | Edad | Edad de los Castillos |
| 14:24 | Construir | Town Center |
| 14:30 | Construir | Town Center |
| 14:42 | Investigar | Bow Saw |
| 15:01 | Investigar | Wheelbarrow |
| 15:09 | Construir | Farm |
| 15:12 | Construir | Farm |
| 15:15 | Construir | Farm |
| 15:48 | Crear | Villager (Male) |
| 15:49 | Crear | Villager (Male) |
| 16:03 | Crear | Villager (Male) |
| 16:03 | Crear | Villager (Male) |
| 16:06 | Construir | Farm |
| 16:08 | Construir | Farm |
| 16:12 | Construir | Farm |
| 16:14 | Construir | Farm |
| 16:20 | Crear | Villager (Male) |
| 16:21 | Crear | Villager (Male) |
| 16:26 | Construir | Farm |
| 16:28 | Construir | Farm |
| 16:33 | Construir | Farm |
| 16:34 | Crear | Villager (Male) |
| 16:43 | Crear | Villager (Male) |
| 16:57 | Construir | Farm |
| 16:58 | Crear | Villager (Male) |
| 16:59 | Construir | Farm |
| 17:01 | Construir | Farm |
| 17:03 | Crear | Villager (Male) |
| 17:14 | Construir | Farm |
| 17:16 | Crear | Villager (Male) |
| 17:16 | Crear | Villager (Male) |
| 17:22 | Crear | Villager (Male) |
| 17:26 | Construir | Farm |
| 17:33 | Crear | Villager (Male) |
| 17:38 | Construir | Farm |
| 17:40 | Crear | Villager (Male) |
| 17:45 | Construir | Farm |
| 17:48 | Construir | Farm |
| 17:49 | Crear | Villager (Male) |
| 17:49 | Crear | Villager (Male) |
| 17:57 | Construir | House |
| 17:58 | Construir | House |
| 18:00 | Crear | Villager (Male) |
| 18:01 | Crear | Villager (Male) |
| 18:07 | Crear | Villager (Male) |
| 18:07 | Crear | Villager (Male) |
| 18:11 | Crear | Villager (Male) |
| 18:15 | Construir | Farm |
| 18:22 | Crear | Villager (Male) |
| 18:22 | Crear | Villager (Male) |
| 18:31 | Crear | Villager (Male) |
| 18:34 | Construir | Farm |
| 18:36 | Construir | Farm |
| 18:37 | Crear | Villager (Male) |
| 18:37 | Crear | Villager (Male) |
| 18:37 | Crear | Villager (Male) |
| 18:45 | Crear | Villager (Male) |
| 18:47 | Construir | Farm |
| 18:54 | Construir | House |
| 18:55 | Construir | House |
| 18:55 | Construir | House |
| 19:05 | Crear | Villager (Male) |
| 19:06 | Crear | Villager (Male) |
| 19:18 | Construir | Farm |
| 19:22 | Crear | Villager (Male) |
| 19:22 | Crear | Villager (Male) |
| 19:49 | Crear | Villager (Male) |
| 19:50 | Crear | Villager (Male) |
| 19:50 | Crear | Villager (Male) |
| 19:50 | Crear | Villager (Male) |
| 20:05 | Investigar | Heavy Plow |
| 20:07 | Crear | Villager (Male) |
| 20:11 | Investigar | Hand Cart |
| 20:28 | Crear | Villager (Male) |
| 20:28 | Crear | Villager (Male) |
| 20:28 | Crear | Villager (Male) |
| 20:46 | Construir | Mining Camp |
| 20:48 | Crear | Villager (Male) |
| 20:48 | Crear | Villager (Male) |
| 20:53 | Construir | Farm |
| 20:55 | Construir | Farm |
| 20:56 | Crear | Villager (Male) |
| 21:01 | Construir | Farm |
| 21:03 | Crear | Villager (Male) |
| 21:11 | Crear | Villager (Male) |
| 21:15 | Construir | Farm |
| 21:16 | Construir | Farm |
| 21:21 | Investigar | Gold Mining |
| 21:32 | Crear | Villager (Male) |
| 21:32 | Crear | Villager (Male) |
| 21:41 | Construir | House |
| 21:41 | Construir | House |
Build order — ytpro
Primeras 150 de 800 acciones detectadas
| 0:01 | Crear | Villager (Male) |
| 0:02 | Construir | House |
| 0:04 | Construir | House |
| 0:11 | Crear | Villager (Male) |
| 0:11 | Crear | Villager (Male) |
| 0:18 | Crear | Villager (Male) |
| 1:20 | Crear | Villager (Male) |
| 1:45 | Crear | Villager (Male) |
| 2:05 | Construir | Lumber Camp |
| 2:18 | Crear | Villager (Male) |
| 2:47 | Crear | Villager (Male) |
| 2:47 | Crear | Villager (Male) |
| 3:03 | Crear | Villager (Male) |
| 3:37 | Crear | Villager (Male) |
| 3:37 | Crear | Villager (Male) |
| 3:57 | Construir | House |
| 3:58 | Construir | House |
| 3:59 | Construir | House |
| 4:07 | Crear | Villager (Male) |
| 4:31 | Crear | Villager (Male) |
| 4:31 | Crear | Villager (Male) |
| 4:43 | Crear | Villager (Male) |
| 5:18 | Construir | Mill |
| 5:19 | Crear | Villager (Male) |
| 5:49 | Crear | Villager (Male) |
| 6:06 | Crear | Villager (Male) |
| 6:15 | Crear | Villager (Male) |
| 6:49 | Crear | Villager (Male) |
| 7:18 | Crear | Villager (Male) |
| 7:34 | Crear | Villager (Male) |
| 7:38 | Construir | Mining Camp |
| 7:56 | Construir | Mill |
| 8:05 | Crear | Villager (Male) |
| 8:31 | Crear | Villager (Male) |
| 9:01 | Crear | Villager (Male) |
| 9:23 | Crear | Villager (Male) |
| 9:30 | Investigar | Feudal Age |
| 9:49 | Construir | Farm |
| 9:50 | Construir | Farm |
| 9:52 | Construir | Farm |
| 9:57 | Construir | Farm |
| 10:06 | Construir | Farm |
| 10:19 | Construir | Farm |
| 10:22 | Crear | Villager (Male) |
| 10:25 | Crear | Villager (Male) |
| 11:19 | Edad | Edad Feudal |
| 11:22 | Construir | Blacksmith |
| 11:25 | Construir | Market |
| 11:56 | Investigar | Loom |
| 12:08 | Construir | House |
| 12:09 | Construir | House |
| 12:15 | Construir | House |
| 12:35 | Investigar | Castle Age |
| 12:35 | Investigar | Castle Age |
| 12:53 | Investigar | Double-Bit Axe |
| 12:53 | Investigar | Double-Bit Axe |
| 13:08 | Construir | Farm |
| 13:12 | Investigar | Horse Collar |
| 13:12 | Investigar | Horse Collar |
| 13:33 | Construir | Farm |
| 13:47 | Crear | Villager (Male) |
| 14:11 | Edad | Edad de los Castillos |
| 14:15 | Construir | Town Center |
| 14:18 | Crear | Villager (Male) |
| 14:50 | Crear | Villager (Male) |
| 15:00 | Construir | Town Center |
| 15:10 | Crear | Villager (Male) |
| 15:25 | Investigar | Bow Saw |
| 15:26 | Investigar | Bow Saw |
| 15:33 | Crear | Villager (Male) |
| 15:38 | Crear | Villager (Male) |
| 15:40 | Crear | Villager (Male) |
| 15:44 | Construir | Farm |
| 15:47 | Crear | Villager (Male) |
| 16:02 | Construir | Farm |
| 16:08 | Construir | Farm |
| 16:11 | Crear | Villager (Male) |
| 16:18 | Crear | Villager (Male) |
| 16:18 | Crear | Villager (Male) |
| 16:21 | Construir | Farm |
| 16:23 | Crear | Villager (Male) |
| 16:27 | Construir | Farm |
| 16:35 | Crear | Villager (Male) |
| 16:35 | Crear | Villager (Male) |
| 16:41 | Construir | House |
| 16:42 | Crear | Villager (Male) |
| 16:47 | Crear | Villager (Male) |
| 16:52 | Construir | Farm |
| 16:58 | Construir | Farm |
| 17:04 | Construir | House |
| 17:07 | Crear | Villager (Male) |
| 17:13 | Construir | Farm |
| 17:13 | Crear | Villager (Male) |
| 17:13 | Crear | Villager (Male) |
| 17:25 | Construir | Farm |
| 17:26 | Construir | Farm |
| 17:27 | Construir | Farm |
| 17:28 | Crear | Villager (Male) |
| 17:39 | Construir | Farm |
| 17:40 | Crear | Villager (Male) |
| 17:46 | Crear | Villager (Male) |
| 17:55 | Construir | House |
| 17:56 | Crear | Villager (Male) |
| 18:08 | Construir | Town Center |
| 18:09 | Crear | Villager (Male) |
| 18:11 | Construir | Outpost |
| 18:17 | Construir | House |
| 18:19 | Crear | Villager (Male) |
| 18:20 | Crear | Villager (Male) |
| 18:24 | Construir | Farm |
| 18:33 | Crear | Villager (Male) |
| 18:48 | Crear | Villager (Male) |
| 18:49 | Crear | Villager (Male) |
| 18:52 | Construir | Farm |
| 18:53 | Construir | Farm |
| 19:01 | Construir | House |
| 19:02 | Crear | Villager (Male) |
| 19:03 | Construir | Farm |
| 19:05 | Construir | Farm |
| 19:05 | Crear | Villager (Male) |
| 19:08 | Construir | Farm |
| 19:09 | Crear | Villager (Male) |
| 19:19 | Construir | Farm |
| 19:20 | Crear | Villager (Male) |
| 19:29 | Crear | Villager (Male) |
| 19:31 | Construir | Farm |
| 19:32 | Crear | Villager (Male) |
| 19:38 | Construir | Mining Camp |
| 19:39 | Crear | Villager (Male) |
| 19:41 | Construir | Outpost |
| 19:46 | Crear | Villager (Male) |
| 19:46 | Crear | Villager (Male) |
| 19:53 | Construir | Farm |
| 19:57 | Crear | Villager (Male) |
| 20:07 | Crear | Villager (Male) |
| 20:10 | Construir | Farm |
| 20:11 | Crear | Villager (Male) |
| 20:12 | Crear | Villager (Male) |
| 20:16 | Crear | Villager (Male) |
| 20:21 | Construir | Farm |
| 20:23 | Crear | Villager (Male) |
| 20:26 | Construir | Outpost |
| 20:34 | Crear | Villager (Male) |
| 20:38 | Construir | Farm |
| 20:42 | Crear | Villager (Male) |
| 20:47 | Investigar | Town Watch |
| 20:47 | Investigar | Town Watch |
| 20:54 | Investigar | Wheelbarrow |
| 21:02 | Construir | Outpost |
| 21:03 | Crear | Villager (Male) |
Build order — Nqn7m1
Primeras 150 de 443 acciones detectadas
| 0:00 | Crear | Villager (Male) |
| 0:01 | Crear | Villager (Male) |
| 0:01 | Crear | Villager (Male) |
| 0:01 | Crear | Villager (Male) |
| 0:02 | Construir | House |
| 0:04 | Construir | House |
| 1:16 | Crear | Villager (Male) |
| 1:23 | Construir | Lumber Camp |
| 1:43 | Crear | Villager (Male) |
| 2:21 | Crear | Villager (Male) |
| 2:45 | Crear | Villager (Male) |
| 3:04 | Crear | Villager (Male) |
| 3:24 | Construir | House |
| 3:28 | Crear | Villager (Male) |
| 3:44 | Crear | Villager (Male) |
| 4:32 | Construir | Mill |
| 4:33 | Crear | Villager (Male) |
| 4:48 | Crear | Villager (Male) |
| 5:13 | Construir | House |
| 5:17 | Crear | Villager (Male) |
| 5:19 | Crear | Villager (Male) |
| 5:28 | Construir | Farm |
| 6:02 | Crear | Villager (Male) |
| 6:03 | Crear | Villager (Male) |
| 6:50 | Crear | Villager (Male) |
| 7:18 | Construir | House |
| 7:21 | Crear | Villager (Male) |
| 7:21 | Crear | Villager (Male) |
| 7:36 | Construir | Farm |
| 8:17 | Crear | Villager (Male) |
| 8:42 | Investigar | Feudal Age |
| 9:09 | Crear | Villager (Male) |
| 9:34 | Crear | Villager (Male) |
| 10:56 | Edad | Edad Feudal |
| 10:58 | Construir | Market |
| 11:00 | Construir | Blacksmith |
| 11:09 | Investigar | Double-Bit Axe |
| 11:45 | Investigar | Castle Age |
| 12:42 | Construir | House |
| 12:43 | Construir | House |
| 12:47 | Construir | House |
| 12:49 | Construir | House |
| 12:51 | Crear | Villager (Male) |
| 12:51 | Crear | Villager (Male) |
| 13:38 | Investigar | Horse Collar |
| 14:26 | Edad | Edad de los Castillos |
| 14:29 | Construir | Town Center |
| 14:31 | Crear | Villager (Male) |
| 14:34 | Construir | Town Center |
| 14:55 | Construir | Farm |
| 15:24 | Construir | Farm |
| 15:27 | Construir | Farm |
| 15:29 | Construir | Farm |
| 15:30 | Construir | Farm |
| 15:32 | Investigar | Bow Saw |
| 15:33 | Crear | Villager (Male) |
| 15:37 | Construir | Farm |
| 15:57 | Crear | Villager (Male) |
| 16:02 | Crear | Villager (Male) |
| 16:02 | Crear | Villager (Male) |
| 16:03 | Crear | Villager (Male) |
| 16:09 | Construir | Farm |
| 16:11 | Construir | Farm |
| 16:14 | Crear | Villager (Male) |
| 16:14 | Crear | Villager (Male) |
| 16:18 | Construir | Farm |
| 16:20 | Construir | Farm |
| 16:29 | Crear | Villager (Male) |
| 16:33 | Construir | Farm |
| 16:37 | Construir | Farm |
| 16:37 | Crear | Villager (Male) |
| 16:48 | Construir | Farm |
| 16:54 | Construir | Farm |
| 16:55 | Crear | Villager (Male) |
| 16:56 | Crear | Villager (Male) |
| 16:57 | Crear | Villager (Male) |
| 17:15 | Construir | Farm |
| 17:16 | Crear | Villager (Male) |
| 17:19 | Construir | Farm |
| 17:25 | Crear | Villager (Male) |
| 17:44 | Crear | Villager (Male) |
| 17:47 | Crear | Villager (Male) |
| 18:02 | Crear | Villager (Male) |
| 18:10 | Construir | Town Center |
| 18:12 | Crear | Villager (Male) |
| 18:12 | Crear | Villager (Male) |
| 18:16 | Construir | Farm |
| 18:23 | Crear | Villager (Male) |
| 18:26 | Construir | Farm |
| 18:27 | Construir | Farm |
| 18:30 | Crear | Villager (Male) |
| 18:38 | Crear | Villager (Male) |
| 18:41 | Construir | House |
| 18:51 | Crear | Villager (Male) |
| 18:57 | Crear | Villager (Male) |
| 19:00 | Construir | Farm |
| 19:02 | Construir | Farm |
| 19:04 | Construir | Farm |
| 19:07 | Crear | Villager (Male) |
| 19:15 | Crear | Villager (Male) |
| 19:18 | Construir | Farm |
| 19:20 | Crear | Villager (Male) |
| 19:23 | Construir | Farm |
| 19:25 | Crear | Villager (Male) |
| 19:28 | Construir | Farm |
| 19:33 | Construir | Farm |
| 19:34 | Crear | Villager (Male) |
| 19:40 | Crear | Villager (Male) |
| 19:45 | Construir | House |
| 19:49 | Crear | Villager (Male) |
| 19:52 | Construir | Lumber Camp |
| 19:57 | Construir | Farm |
| 20:00 | Crear | Villager (Male) |
| 20:06 | Crear | Villager (Male) |
| 20:09 | Construir | Mining Camp |
| 20:11 | Crear | Villager (Male) |
| 20:12 | Crear | Villager (Male) |
| 20:27 | Crear | Villager (Male) |
| 20:30 | Construir | House |
| 20:32 | Crear | Villager (Male) |
| 20:36 | Construir | Farm |
| 20:41 | Construir | Farm |
| 20:46 | Investigar | Wheelbarrow |
| 20:46 | Crear | Villager (Male) |
| 20:51 | Construir | Mill |
| 20:53 | Crear | Villager (Male) |
| 20:53 | Crear | Villager (Male) |
| 20:54 | Crear | Villager (Male) |
| 21:07 | Construir | Farm |
| 21:11 | Construir | Farm |
| 21:13 | Construir | Farm |
| 21:14 | Crear | Villager (Male) |
| 21:15 | Crear | Villager (Male) |
| 21:18 | Construir | House |
| 21:20 | Crear | Villager (Male) |
| 21:24 | Crear | Villager (Male) |
| 21:34 | Investigar | Loom |
| 21:37 | Construir | Farm |
| 21:38 | Construir | Farm |
| 21:45 | Construir | Farm |
| 21:51 | Construir | Farm |
| 21:56 | Construir | Farm |
| 21:57 | Crear | Villager (Male) |
| 21:58 | Crear | Villager (Male) |
| 21:58 | Crear | Villager (Male) |
| 22:03 | Construir | House |
| 22:05 | Crear | Villager (Male) |
| 22:13 | Construir | Farm |
| 22:14 | Construir | Farm |
| 22:15 | Construir | Farm |
Cronología de la partida
| 5:14 | GIGANE · wall_segment Palisade Wall x1 |
| 5:29 | GIGANE · wall_segment Palisade Wall x1 |
| 5:33 | GIGANE · wall_segment Palisade Wall x1 |
| 5:39 | GIGANE · wall_segment Palisade Wall x1 |
| 5:42 | GIGANE · wall_segment Palisade Wall x1 |
| 5:47 | GIGANE · wall_segment Palisade Wall x1 |
| 5:50 | GIGANE · wall_segment Palisade Wall x1 |
| 5:57 | GIGANE · wall_segment Palisade Wall x1 |
| 6:00 | GIGANE · wall_segment Palisade Wall x1 |
| 6:03 | GIGANE · wall_segment Palisade Wall x1 |
| 6:07 | GIGANE · wall_segment Palisade Wall x1 |
| 7:27 | GIGANE · wall_segment Palisade Wall x1 |
| 10:31 | lsa · age_up feudal |
| 10:33 | GIGANE · age_up feudal |
| 10:50 | 牛牛之王王牛牛 · age_up feudal |
| 10:56 | Ruarua · age_up feudal |
| 10:56 | Nqn7m1 · age_up feudal |
| 10:56 | SOYO · age_up feudal |
| 10:56 | 溢彩欧泊 · age_up feudal |
| 11:19 | ytpro · age_up feudal |
| 11:27 | lsa · first_market_sell 100 wood |
| 11:41 | 牛牛之王王牛牛 · first_market_sell 100 wood |
| 13:43 | GIGANE · first_market_buy 100 food |
| 14:07 | lsa · age_up castle |
| 14:11 | ytpro · age_up castle |
| 14:22 | 牛牛之王王牛牛 · age_up castle |
| 14:22 | GIGANE · age_up castle |
| 14:26 | Ruarua · age_up castle |
| 14:26 | Nqn7m1 · age_up castle |
| 14:26 | SOYO · age_up castle |
| 14:30 | 溢彩欧泊 · age_up castle |
| 15:37 | ytpro · first_market_buy 100 food |
| 15:54 | GIGANE · first_building Monastery |
| 18:04 | Ruarua · first_market_buy 100 stone |
| 18:46 | 溢彩欧泊 · first_building Barracks |
| 20:00 | lsa · first_building Monastery |
| 20:21 | 溢彩欧泊 · first_building Archery Range |
| 21:59 | 溢彩欧泊 · first_building Stable |
| 22:45 | ytpro · first_building Castle |
| 22:48 | 牛牛之王王牛牛 · first_building Siege Workshop |
| 22:57 | Ruarua · first_building Monastery |
| 23:06 | GIGANE · first_building Barracks |
| 23:15 | Nqn7m1 · first_building Castle |
| 23:16 | SOYO · first_market_buy 100 food |
| 23:16 | ytpro · first_building Monastery |
| 23:40 | ytpro · first_market_sell 100 wood |
| 23:45 | Nqn7m1 · first_building Barracks |
| 23:48 | Ruarua · first_market_sell 100 wood |
| 24:04 | 牛牛之王王牛牛 · first_building Barracks |
| 24:04 | ytpro · first_building Barracks |
| 24:14 | ytpro · wall_segment Palisade Wall x1 |
| 24:27 | SOYO · first_building Castle |
| 24:31 | lsa · first_building Siege Workshop |
| 24:45 | Ruarua · first_building Barracks |
| 24:45 | GIGANE · first_market_sell 100 wood |
| 24:48 | 牛牛之王王牛牛 · first_building Archery Range |
| 24:49 | GIGANE · first_building Stable |
| 24:50 | ytpro · first_building Archery Range |
| 25:03 | Nqn7m1 · first_building Archery Range |
| 25:22 | SOYO · first_building Barracks |
| 25:39 | 溢彩欧泊 · first_building Monastery |
| 25:42 | ytpro · age_up imperial |
| 25:43 | 牛牛之王王牛牛 · first_building Castle |
| 25:47 | lsa · first_building Barracks |
| 26:04 | Nqn7m1 · wall_segment Stone Wall x6 |
| 26:21 | SOYO · first_building Siege Workshop |
| 26:27 | Ruarua · first_building Castle |
| 26:30 | Nqn7m1 · wall_segment Stone Wall x5 |
| 26:36 | lsa · first_building Castle |
| 26:50 | lsa · first_building Stable |
| 26:52 | 牛牛之王王牛牛 · age_up imperial |
| 27:03 | Nqn7m1 · first_building Siege Workshop |
| 27:17 | Ruarua · age_up imperial |
| 27:18 | Nqn7m1 · age_up imperial |
| 28:09 | Nqn7m1 · wall_segment Stone Wall x1 |
| 28:15 | 溢彩欧泊 · first_building Castle |
| 28:29 | GIGANE · age_up imperial |
| 28:33 | ytpro · first_building Siege Workshop |
| 28:39 | lsa · age_up imperial |
| 28:49 | SOYO · age_up imperial |
| 28:52 | Nqn7m1 · first_market_buy 500 wood |
| 29:19 | GIGANE · first_building Castle |
| 29:21 | 溢彩欧泊 · age_up imperial |
| 29:41 | Nqn7m1 · wall_segment Stone Wall x1 |
| 30:45 | Nqn7m1 · wall_segment Stone Wall x1 |
| 31:11 | Nqn7m1 · first_market_sell 500 food |
| 31:20 | 溢彩欧泊 · first_market_sell 100 food |
| 34:01 | SOYO · tribute_sent a jugador 1 |
| 34:01 | SOYO · tribute_sent a jugador 2 |
| 34:01 | SOYO · tribute_sent a jugador 4 |
| 34:01 | SOYO · tribute_sent a jugador 5 |
| 34:01 | SOYO · tribute_sent a jugador 6 |
| 34:01 | SOYO · tribute_sent a jugador 7 |
| 34:01 | SOYO · tribute_sent a jugador 8 |
| 34:46 | GIGANE · first_building Siege Workshop |
| 34:55 | SOYO · tribute_sent a jugador 1 |
| 34:55 | SOYO · tribute_sent a jugador 2 |
| 34:55 | SOYO · tribute_sent a jugador 4 |
| 34:55 | SOYO · tribute_sent a jugador 5 |
| 34:55 | SOYO · tribute_sent a jugador 6 |
| 34:55 | SOYO · tribute_sent a jugador 7 |
| 34:55 | SOYO · tribute_sent a jugador 8 |
| 36:22 | Nqn7m1 · wall_segment Stone Wall x7 |
| 36:24 | Nqn7m1 · wall_segment Stone Wall x4 |
| 36:29 | lsa · first_building Archery Range |
| 36:58 | ytpro · first_building Stable |
| 37:17 | GIGANE · first_building Archery Range |
| 37:22 | Ruarua · first_building Archery Range |
| 37:58 | 溢彩欧泊 · first_building Siege Workshop |
| 39:02 | SOYO · tribute_sent a jugador 1 |
| 39:02 | SOYO · tribute_sent a jugador 2 |
| 39:02 | SOYO · tribute_sent a jugador 4 |
| 39:02 | SOYO · tribute_sent a jugador 5 |
| 39:02 | SOYO · tribute_sent a jugador 6 |
| 39:02 | SOYO · tribute_sent a jugador 7 |
| 39:02 | SOYO · tribute_sent a jugador 8 |
| 39:38 | Nqn7m1 · wall_segment Stone Wall x5 |
| 39:45 | 牛牛之王王牛牛 · first_market_buy 100 wood |
| 40:55 | SOYO · first_building Archery Range |
| 42:05 | SOYO · first_market_sell 500 stone |
| 42:13 | SOYO · tribute_sent a jugador 1 |
| 42:13 | SOYO · tribute_sent a jugador 2 |
| 42:13 | SOYO · tribute_sent a jugador 4 |
| 42:13 | SOYO · tribute_sent a jugador 5 |
| 42:13 | SOYO · tribute_sent a jugador 6 |
| 42:13 | SOYO · tribute_sent a jugador 7 |
| 42:13 | SOYO · tribute_sent a jugador 8 |
| 42:17 | 牛牛之王王牛牛 · tribute_sent a jugador 1 |
| 42:17 | 牛牛之王王牛牛 · tribute_sent a jugador 2 |
| 42:17 | 牛牛之王王牛牛 · tribute_sent a jugador 3 |
| 42:17 | 牛牛之王王牛牛 · tribute_sent a jugador 4 |
| 42:17 | 牛牛之王王牛牛 · tribute_sent a jugador 5 |
| 42:17 | 牛牛之王王牛牛 · tribute_sent a jugador 7 |
| 42:17 | 牛牛之王王牛牛 · tribute_sent a jugador 8 |
| 42:44 | Nqn7m1 · wall_segment Stone Wall x5 |
| 45:14 | SOYO · tribute_sent a jugador 1 |
| 45:14 | SOYO · tribute_sent a jugador 2 |
| 45:14 | SOYO · tribute_sent a jugador 4 |
| 45:14 | SOYO · tribute_sent a jugador 5 |
| 45:14 | SOYO · tribute_sent a jugador 6 |
| 45:14 | SOYO · tribute_sent a jugador 7 |
| 45:14 | SOYO · tribute_sent a jugador 8 |
| 45:41 | Nqn7m1 · wall_segment Stone Wall x2 |
| 49:03 | GIGANE · wall_segment Stone Wall x4 |
| 49:22 | 牛牛之王王牛牛 · tribute_sent a jugador 1 |
| 49:22 | 牛牛之王王牛牛 · tribute_sent a jugador 2 |
| 49:22 | 牛牛之王王牛牛 · tribute_sent a jugador 3 |
| 49:22 | 牛牛之王王牛牛 · tribute_sent a jugador 4 |
| 49:22 | 牛牛之王王牛牛 · tribute_sent a jugador 5 |
| 49:22 | 牛牛之王王牛牛 · tribute_sent a jugador 7 |
| 49:22 | 牛牛之王王牛牛 · tribute_sent a jugador 8 |
| 50:19 | lsa · resign |
[ ANÁLISIS IA · 1 CRÉDITO ]
¿Qué pasó realmente en esta partida?
Wolo.gg analiza cada decisión: build order, eco, micro, errores típicos por bracket. Análisis personalizado por WhatsApp o Discord en 30 segundos.
Guía civ
Mapuche
Perfil
Jugador #337436